AoeStats
← YO HOKAGE

Arabia

509809498Analyzed
2v2 RM · 4d ago on Sep 28, 2026· 25m 25s· 4 players
Game mode
Random Map
Map size
Medium (4 player)
Population
200
Speed
Normal
Resources
Standard
Victory
Conquest
Starting age
Dark Age
Ending age
Imperial Age
RankedLock teamsTeams togetherTeam positionsShared explorationLock speedFull tech treeHidden civsTurbo modeCheats
Victory
Defeat
🇵🇪 Muisca · Peru
1284
+19
🇦🇷 Persians · Argentina
1210
+23
🇵🇪 Franks · Peru
1355
-21
🇵🇪 Berbers · Peru
1354
-21
HernanJC
6:10 Loom
9:38 Feudal Age
10:19 Double-Bit Axe
16:39 Bloodlines
16:25 Horse Collar
23:28 Scale Barding Armor
23:34 Forging
27:12 Castle Age
⚡ MACE WINDU ⚡
6:38 Loom
8:46 Feudal Age
14:38 Fletching
17:37 Padded Archer Armor
24:56 Castle Age
24:57 Crossbowman
26:17 Wheelbarrow
YO HOKAGE
5:16 Loom
10:17 Feudal Age
20:34 Forging
21:38 Scale Barding Armor
27:39 Castle Age
FC_FINE02
6:51 Loom
9:10 Feudal Age
10:30 Double-Bit Axe
21:50 Padded Archer Armor
27:32 Castle Age
Connection lost

Rejoining the realm…

Still unreachable

The connection could not be restored.

Session expired

The server has moved on; the page needs a fresh start.